 Dungeon Crawl Stone Soup version 0.16-a0-670-g3b10be2 (webtiles) character file.

3234 MRaven the Ruinous (level 9, -19/65 HPs)
             Began as a Demonspawn Wizard on Sept 19, 2014.
             Was a Priest of Cheibriados.
             Demolished by a catoblepas zombie (23 damage)
             ... on Level 7 of the Dungeon.
             The game lasted 01:00:54 (11902 turns).

MRaven the Ruinous (Demonspawn Wizard)             Turns: 11902, Time: 01:00:55

HP -19/65        AC  8     Str 17      XL: 9   Next: 66%
MP  20/20        EV 15     Int 26      God: Cheibriados [***...]
Gold 323         SH  0     Dex 17      Spells:  4 memorised, 12 levels left

rFire  . . .     SeeInvis .     n - +4 hammer (pain)
rCold  . . .     Clarity  +     f - +2 robe {MR+}
rNeg   . . .     rCorr    .     (no shield)
rPois  .         rRot     .     b - +1 hat
rElec  .         Spirit   .     i - +0 cloak
SustAb +         Warding  .     (gloves unavailable)
rMut   .         Stasis   .     u - +0 pair of boots
Gourm  .                        e - amulet of clarity
MR     +....                    o - ring of sustain abilities
                                (no ring)

@: flying, repel missiles, very slow, somewhat resistant to hostile
enchantments, unstealthy
A: claws 3, horns 1, talons 1, rugged brown scales 1, low mp 1, screaming 1,
spiny 3
a: Bend Time, Temporal Distortion, Renounce Religion


You were on level 7 of the Dungeon.
You worshipped Cheibriados.
Cheibriados was most pleased with you.
You were not hungry.

You visited 2 branches of the dungeon, and saw 8 of its levels.

You collected 323 gold pieces.

Inventory:

Hand weapons
 n - a +4 hammer of pain (weapon)
Armour
 b - a +1 hat (worn)
 f - a +2 robe of magic resistance (worn)
 i - a +0 cloak (worn)
 u - a +0 pair of boots (worn)
 A - a +0 robe of cold resistance
Comestibles
 a - 3 meat rations
 d - 3 bread rations
 j - a chunk of gnoll flesh
 k - a royal jelly
Scrolls
 c - 3 scrolls of identify
 p - 2 scrolls of remove curse
 q - 4 scrolls of recharging
 w - a scroll of amnesia
 y - 2 scrolls of fog
Jewellery
 e - an amulet of clarity (around neck)
 h - an uncursed ring of flight
 o - a ring of sustain abilities (right claw)
Books
 g - a book of Burglary

   Spells                             Type                      Level
   Swiftness                          Charms/Air                   2
   Passwall                           Transmutation/Earth          3
   Passage of Golubria                Translocation                4
   Lee's Rapid Deconstruction         Earth                        5
   Invisibility                       Hexes                        6
   Darkness                           Hexes                        7
 x - a book of Party Tricks

   Spells                             Type                      Level
   Summon Butterflies                 Summoning                    1
   Apportation                        Translocation                1
   Blink                              Translocation                2
   Tukima's Dance                     Hexes                        3
   Alistair's Intoxication            Transmutation/Poison         4


   Skills:
 - Level 3.5 Fighting
 * Level 1.9 Maces & Flails
 + Level 5.1 Dodging
 - Level 2.7 Stealth
 - Level 6.7 Spellcasting
 + Level 7.2 Conjurations
   Level 1.0 Summonings
   Level 0.8 Translocations
 + Level 4.7 Air Magic
 * Level 3.6 Invocations


You had 12 spell levels left.
You knew the following spells:

 Your Spells              Type           Power        Failure   Level  Hunger
a - Magic Dart            Conj           ####         1%          1    None
b - Repel Missiles        Chrm/Air       ###...       3%          2    None
c - Mephitic Cloud        Conj/Pois/Air  ####....     4%          3    None
d - Conjure Flame         Conj/Fire      ####....     6%          3    None


Dungeon Overview and Level Annotations

Branches:
Dungeon (7/15)             Temple (1/1) D:5

Altars:
Ashenzari
Cheibriados
Elyvilon
Fedhas
Gozag
Makhleb
Okawaru
Qazlal
Ru
Trog
Vehumet
Yredelemnul
Zin


Innate Abilities, Weirdness & Mutations

You have claws for hands.
You are partially covered in rugged brown scales (AC +1, +3% HP).
You are completely covered in sharp spines.
You have a pair of small horns on your head.
You have sharp toenails.
Your magical capacity is low (-10% MP).
You occasionally shout uncontrollably at your foes.


Message History

The catoblepas zombie gores you!!
Read which item? (? for menu, Esc to quit)
Okay, then.
Drink which item? (? for menu, Esc to quit)
A pair of horns grows on your head!
You feel fantastic!
It was a potion of beneficial mutation.
You hit the catoblepas zombie.
The catoblepas zombie barely misses you.
You hit the catoblepas zombie but do no damage.
The catoblepas zombie gores you!!
* * * LOW HITPOINT WARNING * * *
Drink which item? (? for menu, Esc to quit)
You feel very buoyant.
You fly up into the air.
It was a potion of flight.
Drink which item? (? for menu, Esc to quit)
You feel extremely strange.
You feel less energetic.
You feel the urge to shout.
Your toenails lengthen and sharpen.
It was a potion of mutation.
The catoblepas zombie gores you!!
You die...

############ #..........#
#.########.# #.#........###
#.#.####.....#
#######........###.######### ##
###.............Z# #.........###.
........#...###.@###.######.#.##.
##...................#####.###.#.
##..####...#...##........## ##..
#..# #...#...##.#######.###.##
###.(# #...#...## # ##.#.###
))..(# #...#...##.#######..%....
####.# #................).#.####
#.# ###.....######.####.#)#
#<###.#.....# #.# #.#.#


You could see a catoblepas zombie.

Vanquished Creatures
  Grinder (D:5)
  Eustachio (D:5)
  A yellow wasp (D:7)
  3 ogres
  2 ice beasts
  3 phantoms
  A sky beast (D:4)
  A centaur (D:5)
  A big kobold (D:7)
  A gnoll sergeant (D:7)
  A giant frog (D:6)
  2 scorpions
  The ghost of Grim the Insei, a weakling DsMo (D:3)
  5 crimson imps
  7 wights (D:6)
  2 goliath beetles
  2 jellies
  Crazy Yiuf (D:5)
  2 orc priests (D:6)
  A centaur skeleton (D:4)
  2 hounds (D:4)
  2 iguanas
  6 orc wizards
  4 worker ants
  2 sky beast zombies (D:6)
  Ijyb (D:2)
  A hound zombie (D:5)
  A mummy (D:6)
  11 adders
  8 gnolls (D:7)
  An orc skeleton (D:7)
  2 shadow imps (D:6)
  A giant mite (D:4)
  3 worms
  An adder zombie (D:6)
  2 adder skeletons
  2 oozes
  32 orcs
  2 ball pythons
  11 bats
  8 giant cockroaches
  22 goblins
  11 hobgoblins
  18 jackals
  2 quokkas
  3 giant geckos
  8 giant newts
  A goblin skeleton (D:4)
  10 kobolds
  A kobold zombie (D:5)
  An orc zombie (D:6)
  27 rats
  A spectral orc (D:6)
247 creatures vanquished.

Notes
Turn   | Place    | Note
--------------------------------------------------------------
     0 | D:1      | MRaven, the Demonspawn Wizard, began the quest for the Orb.
     0 | D:1      | Reached XP level 1. HP: 13/13 MP: 4/4
   263 | D:1      | Gained mutation: You are partially covered in sharp spines. [demonic ancestry]
   263 | D:1      | Reached XP level 2. HP: 19/19 MP: 6/6
   358 | D:1      | Learned a level 2 spell: Repel Missiles
  1198 | D:2      | Gained mutation: You are partially covered in rugged brown scales (AC +1, +3% HP). [demonic ancestry]
  1198 | D:2      | Reached XP level 3. HP: 20/25 MP: 5/8
  1281 | D:2      | Found a radiant altar of Vehumet.
  1891 | D:2      | Gained mutation: You are mostly covered in sharp spines. [demonic ancestry]
  1891 | D:2      | Reached XP level 4. HP: 31/31 MP: 2/9
  2443 | D:2      | Noticed Ijyb
  2477 | D:2      | Killed Ijyb
  2692 | D:3      | Reached skill level 1 in Fighting
  2769 | D:3      | Gained mutation: You have sharp fingernails. [demonic ancestry]
  2769 | D:3      | Reached XP level 5. HP: 33/38 MP: 1/12
  2803 | D:3      | Noticed Grim's ghost (weakling DsMo)
  2820 | D:3      | Killed Grim's ghost
  2820 | D:3      | Reached skill level 4 in Spellcasting
  3575 | D:3      | Found a bloodstained altar of Trog.
  3640 | D:4      | Noticed a sky beast
  3871 | D:4      | Noticed an ogre
  3958 | D:4      | Gained mutation: You have very sharp fingernails. [demonic ancestry]
  3958 | D:4      | Reached XP level 6. HP: 44/44 MP: 6/15
  4435 | D:4      | Noticed a phantom
  4457 | D:4      | Killed a phantom
  4823 | D:4      | Learned a level 3 spell: Mephitic Cloud
  4856 | D:4      | Killed a sky beast
  4856 | D:4      | Reached skill level 5 in Spellcasting
  4856 | D:4      | Gained mutation: You have claws for hands. [demonic ancestry]
  4856 | D:4      | Reached XP level 7. HP: 49/49 MP: 8/18
  5173 | D:4      | Killed an ogre
  5173 | D:4      | Reached skill level 5 in Conjurations
  5456 | D:5      | Entered Level 5 of the Dungeon
  5726 | D:5      | Noticed Eustachio
  6011 | D:5      | Noticed Crazy Yiuf
  6022 | D:5      | Killed Crazy Yiuf
  6122 | D:5      | Learned a level 3 spell: Conjure Flame
  6144 | D:5      | Noticed Grinder
  6161 | D:5      | Killed Grinder
  6161 | D:5      | Reached skill level 6 in Conjurations
  6161 | D:5      | Reached skill level 1 in Air Magic
  6161 | D:5      | Reached XP level 8. HP: 43/56 MP: 8/21
  6643 | D:5      | Killed Eustachio
  6949 | D:5      | Found a staircase to the Ecumenical Temple.
  6958 | Temple   | Entered the Ecumenical Temple
  8124 | D:6      | Found a snail-covered altar of Cheibriados.
  8173 | D:6      | Gained mutation: You are completely covered in sharp spines. [demonic ancestry]
  8173 | D:6      | Reached XP level 9. HP: 17/64 MP: 11/23
  8433 | D:6      | Became a worshipper of Cheibriados the Contemplative
  8967 | D:6      | Found a stormy altar of Qazlal.
  9425 | D:6      | Found a shattered altar of Ashenzari.
  9557 | D:6      | Reached skill level 1 in Invocations
 10019 | D:6      | Found a basalt altar of Yredelemnul.
 10780 | D:7      | Reached skill level 7 in Conjurations
 11330 | D:7      | Paralysed by a yellow wasp for 1 turns
 11335 | D:7      | Paralysed by a yellow wasp for 1 turns
 11337 | D:7      | Reached skill level 1 in Maces & Flails
 11554 | D:7      | Reached skill level 5 in Dodging
 11718 | D:7      | Acquired Cheibriados' first power
 11898 | D:7      | Gained mutation: You have a pair of small horns on your head. [potion of beneficial mutation]
 11902 | D:7      | Gained mutation: Your magical capacity is low (-10% MP). [potion of mutation]
 11902 | D:7      | Gained mutation: You occasionally shout uncontrollably at your foes. [potion of mutation]
 11902 | D:7      | Gained mutation: You have sharp toenails. [potion of mutation]
 11902 | D:7      | Demolished by a catoblepas zombie

Action                   |  1- 3 |  4- 6 |  7- 9 || total
-------------------------+-------+-------+-------++-------
Melee: Short sword       |    74 |   208 |    17 ||   299
       Hammer            |       |       |   310 ||   310
       Staff             |       |       |     4 ||     4
       Mace              |       |       |    16 ||    16
 Cast: Magic Dart        |    59 |   160 |   302 ||   521
       Repel Missiles    |     2 |     1 |     4 ||     7
       Mephitic Cloud    |       |       |     6 ||     6
       Conjure Flame     |       |       |     9 ||     9
  Use: Scroll            |     4 |     6 |     7 ||    17
       Potion            |       |       |    11 ||    11
 Stab: Sleeping          |     2 |     1 |     1 ||     4
       Invisible         |       |       |     2 ||     2
       Distracted        |       |       |     1 ||     1
       Confused          |       |       |     1 ||     1
  Eat: Chunk             |     3 |    10 |    10 ||    23
       Pizza             |       |       |     2 ||     2
       Fruit             |       |       |     2 ||     2
       Bread ration      |       |       |     1 ||     1
       Royal jelly       |       |       |     1 ||     1
